 Dungeon Crawl Stone Soup version 0.20-a0-492-g6327889 (webtiles) character file.

1133 Banto the Poker (level 8, -3/56 HPs)
             Began as a Human Skald on Jan 16, 2017.
             Was a Believer of Okawaru.
             Killed from afar by an orc wizard (5 damage)
             ... with a magic dart
             ... on level 5 of the Dungeon.
             The game lasted 00:06:31 (4406 turns).

Banto the Poker (Human Skald)                       Turns: 4406, Time: 00:06:32

Health: -3/56      AC:  7    Str: 16    XL:     8   Next: 62%
Magic:  11/11      EV: 12    Int: 13    God:    Okawaru [**....]
Gold:   254        SH:  0    Dex: 15    Spells: 5/11 levels left

rFire    + . .     SeeInvis .   a - +0 spear
rCold    + . .     Gourm    .   b - +0 leather armour
rNeg     . . .     Faith    .   (no shield)
rPois    .         Spirit   .   r - +2 helmet
rElec    .         Reflect  .   m - +0 cloak
rCorr    .         Harm     .   (no gloves)
MR       .....                  (no boots)
Stlth    +.........             (no amulet)
Regen    0.1/turn               y - ring of protection from cold
                                j - +4 ring of strength

@: about to teleport
A: fire resistance 1
a: Heroism, Renounce Religion


You were on level 5 of the Dungeon.
You worshipped Okawaru.
Okawaru was pleased with you.
You were very hungry.

You visited 2 branches of the dungeon, and saw 6 of its levels.

You collected 254 gold pieces.

Inventory:

Hand Weapons
 a - a +0 spear (weapon)
Armour
 b - a +0 leather armour (worn)
 m - a +0 cloak (worn)
 r - a +2 helmet (worn)
Jewellery
 g - an uncursed ring of ice
 j - a +4 ring of strength (left hand)
 y - a ring of protection from cold (right hand)
Scrolls
 h - 4 scrolls of teleportation
 v - 2 scrolls of recharging
 w - a scroll of remove curse
 z - a scroll of identify
Potions
 e - 2 potions of might
 i - a potion of agility
 l - 3 potions of curing
 n - a potion of cure mutation {unknown}
 o - 2 potions of haste {unknown}
 p - a potion of magic
 q - a potion of resistance {unknown}
 t - a potion of ambrosia {unknown}
 x - a potion of flight {unknown}
 A - a potion of heal wounds {unknown}
Books
 c - a book of Battle

   Spells                             Type                      Level
   a - Infusion                       Charms                       1
   b - Shroud of Golubria             Charms/Translocation         2
   c - Song of Slaying                Charms                       2
   d - Spectral Weapon                Hexes/Charms                 3
   e - Regeneration                   Charms/Necromancy            3
Comestibles
 d - 5 bread rations
 f - 6 fruits
 k - a beef jerky
 s - 11 chunks of flesh
 u - a meat ration


   Skills:
 - Level 2.0 Fighting
 + Level 6.3 Polearms
 - Level 1.0 Armour
 - Level 2.0 Dodging
 - Level 2.0 Spellcasting
 - Level 5.0 Hexes
 - Level 6.1 Charms


You had 5 spell levels left.
You knew the following spells:

 Your Spells              Type           Power        Failure   Level  Hunger
a - Infusion              Chrm           ###.         2%          1    ##.....
b - Song of Slaying       Chrm           ###.....     4%          2    ###....
c - Spectral Weapon       Hex/Chrm       ###.....     12%         3    ####...


Dungeon Overview and Level Annotations

Branches:
Dungeon (5/15)             Temple (1/1) D:4

Altars:
Cheibriados
Elyvilon
Gozag
Hepliaklqana
Kikubaaqudgha
Makhleb
Nemelex Xobeh
Okawaru
Qazlal
Ru
Sif Muna
Trog
Uskayaw
Vehumet
Xom
Yredelemnul
Zin
The Shining One

Portals:
Ossuary: D:5


Innate Abilities, Weirdness & Mutations

Your flesh is heat resistant. (rF+)


Message History

Press: ? - help, Dir - move target cursor, f/p - orc priest
Aim: an orc priest, wielding a dagger (moderately wounded)
You reach to attack!
You hit the orc priest.
The orc priest is heavily wounded.
Your spectral weapon closely misses the orc priest.
The orc wizard barely misses you. The orc completely misses you.
Okay, then.
As you read the scroll of teleportation, it crumbles to dust.
You feel strangely unstable.
Your spectral weapon fades away.
An adder skeleton comes into view.
The orc priest calls upon Beogh to heal the orc priest.
The orc priest is healed somewhat.
The orc priest invokes the aid of Beogh against you.
Beogh smites you!
* * * LOW HITPOINT WARNING * * *
You take 12 damage, and have 1/56 hp.
MASSIVE DAMAGE!!
The orc wizard casts a spell at you. The magic dart hits you!
You die...

.......p.p .#
##.#...### ## .#
#.p... .. .# ###...
#.#Z##### ....#
###....... ....K
........####.##.
#..#.........pp
#.@#.....##.# .####
#..#..∩..##.# .#...
#.o......##.# ....#
#o.....[....##..#
#.o##.)......p.###.
#..#####.##.....#..
#o.# ###.#.........
#... ..........###.
#.######.#.....# ##


You could see 2 orc priests, an orc wizard, an orc and an adder skeleton.

Vanquished Creatures
  Pikel (D:5)
  2 ogres (D:4)
  A scorpion (D:4)
  A howler monkey (D:5)
  2 crimson imps (D:5)
  2 hounds (D:4)
  Jessica (D:3)
  3 worker ants
  4 adders
  An ooze (D:2)
  An adder skeleton (D:4)
  4 worms
  6 dart slugs
  3 leopard geckos
  10 orcs (D:4)
  6 giant cockroaches
  9 hobgoblins
  7 jackals
  6 kobolds
  3 ball pythons
  6 bats
  2 frilled lizards (D:2)
  7 rats
88 creatures vanquished.

Vanquished Creatures (others)
  A slave (D:5)
  A centaur (D:5)
  A quokka skeleton (D:5)
3 creatures vanquished.

Grand Total: 91 creatures vanquished

Notes
Turn   | Place    | Note
-------+----------+-------------------------------------------
     0 | D:1      | Banto the Human Skald began the quest for the Orb.
     0 | D:1      | Reached XP level 1. HP: 16/16 MP: 3/3
   461 | D:1      | Reached XP level 2. HP: 22/22 MP: 5/5
   945 | D:2      | Learned a level 2 spell: Song of Slaying
   960 | D:2      | Reached XP level 3. HP: 12/27 MP: 2/6
  1354 | D:2      | Learned a level 3 spell: Spectral Weapon
  1356 | D:2      | Gained mutation: Your flesh is heat resistant. (rF+) [potion of mutation]
  1377 | D:2      | Reached XP level 4. HP: 29/33 MP: 3/7
  1644 | D:3      | Noticed Jessica
  1652 | D:3      | Killed Jessica
  1702 | D:3      | Found a snail-covered altar of Cheibriados.
  1838 | D:3      | Reached XP level 5. HP: 38/38 MP: 0/8
  1951 | D:3      | Reached skill level 5 in Polearms
  2518 | D:2      | Found a snail-covered altar of Cheibriados.
  2683 | D:4      | Noticed an ogre
  2694 | D:4      | Killed an ogre
  2694 | D:4      | Reached XP level 6. HP: 44/44 MP: 0/9
  2839 | D:4      | Found a staircase to the Ecumenical Temple.
  2861 | D:4      | Found a burning altar of Makhleb.
  2943 | Temple   | Entered the Ecumenical Temple
  3022 | Temple   | Became a worshipper of Warmaster Okawaru
  3401 | D:4      | Reached skill level 1 in Hexes
  3417 | D:4      | Noticed an ogre
  3431 | D:4      | Killed an ogre
  3431 | D:4      | Reached XP level 7. HP: 20/50 MP: 6/10
  3938 | D:5      | Entered Level 5 of the Dungeon
  3980 | D:5      | Reached * piety under Okawaru
  4115 | D:5      | Noticed Pikel
  4149 | D:5      | HP: 2/50 [Pikel/whip of freezing (1)]
  4158 | D:5      | Killed Pikel
  4158 | D:5      | Reached ** piety under Okawaru
  4158 | D:5      | Reached XP level 8. HP: 7/56 MP: 2/11
  4282 | D:5      | Found a basalt altar of Yredelemnul.
  4283 | D:5      | Found a shimmering altar of Xom.
  4317 | D:5      | Reached skill level 5 in Hexes
  4363 | D:5      | Found a sand-covered staircase.
  4405 | D:5      | HP: 1/56 [orc priest/divine providence (12)]
  4406 | D:5      | Killed from afar by an orc wizard

Vault maps used:
D:1:      kennysheep_arrival_forest, hex_tiny, minmay_misc_feat_cross,
          minmay_tree_intersection, minmay_circled_x
D:2:      lemuel_upstairs_altar
D:3:      kb_forest_paths, cheibriados_altar_1, uniq_jessica
D:4:      minmay_door_path, kennysheep_mini_moat, first_bread
D:5:      grunt_temple_overflow_open, enter_ossuary_1, uniq_pikel
Temple:   regret_index_temple_waves

Skill      XL: |  1  2  3  4  5  6  7  8 |
---------------+-------------------------+-----
Polearms       | 3 4 6 |  6.3
Hexes          | 2 4 5 |  5.0
Charms         | 6 |  6.1
Fighting       | |  2.0
Armour         | |  1.0
Dodging        | |  2.0
Spellcasting   | |  2.0

Action                   |  1- 3 |  4- 6 |  7- 9 || total
-------------------------+-------+-------+-------++-------
Melee: Spear             |   105 |   213 |   126 ||   444
 Cast: Infusion          |     6 |     4 |     1 ||    11
       Spectral Weapon   |       |     6 |     8 ||    14
  Use: Scroll            |     5 |     6 |     2 ||    13
       Potion            |     1 |       |     2 ||     3
 Stab: Sleeping          |     2 |     5 |       ||     7
  Eat: Chunk             |     2 |     8 |     3 ||    13
Armor: Leather armour    |    24 |    47 |    33 ||   104
Dodge: Dodged            |    51 |    91 |    57 ||   199

Table legend:
 A = Turns spent in this place as a percentage of turns spent in the entire game.
 B = Non-inter-level travel turns spent in this place as a percentage of non-inter-level travel turns spent in the entire game.
 C = Inter-level travel turns spent in this place as a percentage of turns spent in this place.
 D = Turns resting spent in this place as a percentage of non-inter-level travel turns spent in this place.
 E = Turns spent auto-exploring this place as a percentage of non-inter-level travel turns spent in this place.
 F = Non-inter-level travel turns spent in this place divided by the number of levels of this place that you've seen.
                   A       B       C       D       E      F
               +-------+-------+-------+-------+-------+----------------------
         Total | 100.0 | 100.0 |   0.8 |   2.4 |  10.0 | 230.3
       Dungeon |  95.1 |  95.2 |   0.7 |   2.5 |  10.5 | 263.2
        Temple |   4.9 |   4.8 |   2.9 |   0.0 |   0.0 |  66.0
               +-------+-------+-------+-------+-------+----------------------

Table legend:
 A = Kills in this place as a percentage of kills in entire the game.
 B = Kills by you in this place as a percentage of kills by you in the entire game.
 C = Kills by friends in this place as a percentage of kills by friends in the entire game.
 D = Other kills in this place as a percentage of other kills in the entire game.
 E = Experience gained in this place as a percentage of experience gained in the entire game.
 F = Experience gained in this place divided by the number of levels of this place that you have seen.
                   A       B       C       D       E      F
               +-------+-------+-------+-------+-------+----------------------
         Total | 100.0 | 100.0 |  -nan |  -nan | 100.0 | 269.8
       Dungeon | 100.0 | 100.0 |  -nan |  -nan | 100.0 | 323.8
               +-------+-------+-------+-------+-------+----------------------
